 Dungeon Crawl Stone Soup version 0.27-a0-419-g7a85846853 (console) character file.

Game seed: 199692171250839528

413 Garrluk the Cudgeller (level 6, -2/59 HPs)
             Began as a Troll Berserker on Feb 26, 2021.
             Was a Follower of Trog.
             Slain by a bullfrog zombie (7 damage)
             ... on level 8 of the Dungeon.
             The game lasted 00:05:21 (937 turns).

Garrluk the Cudgeller (Troll Berserker)              Turns: 937, Time: 00:05:21

Health: -2/59      AC:  4    Str: 27    XL:     6   Next: 59%
Magic:  5/5        EV: 10    Int:  3    God:    Trog [*.....]
Gold:   54         SH:  0    Dex: 10    Spells: 5/5 levels left

rFire    . . .     SeeInvis .   a - +0 mace
rCold    . . .     Faith    .   (no shield)
rNeg     . . .     Spirit   .   b - +0 animal skin
rPois    +         Reflect  .   (helmet restricted)
rElec    .         Harm     .   (no cloak)
rCorr    .         Rampage  .   (gloves unavailable)
Will     .....                  (boots unavailable)
Stlth    +.........             (no amulet)
HPRegen  1.19/turn              h - ring of poison resistance
MPRegen  0.09/turn              (no ring)

@: no status effects
A: large, unfitting armour, claws 3, regeneration 1, shaggy fur 1, tough skin 1
a: Renounce Religion, Berserk


You were on level 8 of the Dungeon.
You worshipped Trog.
Trog was aware of your devotion.
You visited 1 branch of the dungeon, and saw 8 of its levels.

You collected 54 gold pieces.

Notes
Turn   | Place    | Note
-------+----------+-------------------------------------------
     0 | D:1      | Garrluk the Troll Berserker began the quest for the Orb.
     0 | D:1      | Reached XP level 1. HP: 22/22 MP: 0/0
   105 | D:2      | Reached skill level 3 in Maces & Flails
   132 | D:2      | Reached XP level 2. HP: 29/29 MP: 1/1
   325 | D:4      | Noticed a howler monkey
   344 | D:4      | Killed a howler monkey
   345 | D:4      | Reached skill level 4 in Maces & Flails
   345 | D:4      | Reached XP level 3. HP: 25/36 MP: 2/2
   367 | D:4      | Reached XP level 4. HP: 44/44 MP: 3/3
   383 | D:4      | Reached skill level 5 in Maces & Flails
   494 | D:5      | Entered Level 5 of the Dungeon
   524 | D:5      | Reached XP level 5. HP: 50/50 MP: 4/4
   627 | D:8      | Noticed an orc warrior
   659 | D:7      | Reached skill level 6 in Maces & Flails
   862 | D:8      | Noticed a black bear
   882 | D:8      | Killed a black bear
   883 | D:8      | Reached XP level 6. HP: 50/59 MP: 5/5
   920 | D:8      | HP: 1/59 [phantom (6)]
   937 | D:8      | Slain by a bullfrog zombie

Inventory:

Hand Weapons
 a - a +0 mace (weapon)
Missiles
 c - 39 stones
Armour
 b - a +0 animal skin (worn)
Jewellery
 h - a ring of poison resistance (left claw)
   (You found it on level 5 of the Dungeon)
Wands
 i - a wand of random effects (9) (quivered)
   (You found it on level 7 of the Dungeon)
Scrolls
 d - 2 scrolls of identify {unknown}
 e - a scroll of fear {unknown}
 f - a scroll of amnesia {unknown}
Potions
 g - a potion of haste {unknown}

Table legend: (Time is in decaauts)
 A = Elapsed time spent in this place.
 B = Non-inter-level travel time spent in this place.
 C = Inter-level travel time spent in this place.
 D = Time resting spent in this place.
 E = Time spent auto-exploring this place.
 F = Levels seen in this place.
 G = Mean time per level.
                   A        B        C        D        E       F      G
               +--------+--------+--------+--------+--------+-----+--------+
         Total |   1002 |   1002 |      0 |    130 |     16 |   8 |  125.2 |
       Dungeon |   1002 |   1002 |      0 |    130 |     16 |   8 |  125.2 |
               +--------+--------+--------+--------+--------+-----+--------+

Top non-repeatable levels by time:
     D:7: 203 daAuts
     D:4: 184 daAuts
     D:8: 137 daAuts
     D:1: 136 daAuts
     D:3: 111 daAuts
     D:2: 98 daAuts
     D:5: 98 daAuts
     D:6: 31 daAuts


   Skills:
 - Level 2.4 Fighting
 * Level 6.9 Maces & Flails
 - Level 2.4 Dodging


You had 5 spell levels left.
You didn't know any spells.
Your spell library was empty.

Dungeon Overview and Level Annotations

Branches:
Dungeon (8/15)
 Temple: D:4-7         Lair: D:8-11

Altars:


Innate Abilities, Weirdness & Mutations

You are too large for most types of armour.
You have claws for hands.
Your natural rate of healing is unusually fast.
You are covered in fur. (AC +1)
You have tough skin. (AC +1)


Message History

The bullfrog zombie closely misses you.
You barely miss the bullfrog zombie.
The bullfrog zombie is moderately damaged.
The bullfrog zombie completely misses you.
You barely miss the bullfrog zombie.
The bullfrog zombie is moderately damaged.
The bullfrog zombie hits you.
* * * LOW HITPOINT WARNING * * *
The bullfrog zombie hits you.
* * * LOW HITPOINT WARNING * * *
Press: ? - help, v - describe, . - travel
Here: a bullfrog zombie (moderately damaged)
The floor.
Unknown command.
Unknown command.
You thump the bullfrog zombie!
The bullfrog zombie is heavily damaged.
You recover from your berserk rage.
The bullfrog zombie closely misses you.
You hit the bullfrog zombie.
The bullfrog zombie is severely damaged.
The bullfrog zombie hits you.
* * * LOW HITPOINT WARNING * * *
You sock the bullfrog zombie!
The bullfrog zombie is almost destroyed.
The bullfrog zombie closely misses you.
The bullfrog zombie hits you but does no damage.
You barely miss the bullfrog zombie.
The bullfrog zombie is almost destroyed.
The bullfrog zombie closely misses you.
You hit the bullfrog zombie but do no damage.
The bullfrog zombie is almost destroyed.
The bullfrog zombie hits you.
* * * LOW HITPOINT WARNING * * *
You hit the bullfrog zombie.
The bullfrog zombie is almost destroyed.
The bullfrog zombie hits you.
* * * LOW HITPOINT WARNING * * *
The bullfrog zombie hits you!
You die...

#
#....(....#.#.##[.
..##
#.........#.#>####
..###.........#.#..
............##.##.
##.#.......###.# #.
#..........# #.#
#........#
#........#
##.......#
#Z[.....# #@......#
####.##.# #.....#
###.#... .##... #
#.#


You could see a bullfrog zombie.

Table legend:
 A = Kills in this place as a percentage of kills in entire the game.
 B = Kills by you in this place as a percentage of kills by you in the entire game.
 C = Kills by friends in this place as a percentage of kills by friends in the entire game.
 D = Other kills in this place as a percentage of other kills in the entire game.
 E = Experience gained in this place as a percentage of experience gained in the entire game.
 F = Experience gained in this place divided by the number of levels of this place that you have seen.
                   A       B       C       D       E      F
               +-------+-------+-------+-------+-------+----------------------
         Total | 100.0 | 100.0 |   N/A |   N/A | 100.0 |  73.8
       Dungeon | 100.0 | 100.0 |   N/A |   N/A | 100.0 |  73.8
               +-------+-------+-------+-------+-------+----------------------

Vanquished Creatures
  Monster Symbol All '5'
  A white imp (D:7)
1 creature vanquished. All 'F' A bullfrog (D:7)
1 creature vanquished. All 'K' A kobold (D:1)
1 creature vanquished. All 'S' 3 adders
3 creatures vanquished. All 'W' A phantom (D:8)
1 creature vanquished. All 'Z' A bullfrog zombie (D:5) A worker ant zombie (D:6) A howler monkey skeleton (D:4) A jackal skeleton (D:4) A jackal zombie (D:5)
5 creatures vanquished. All 'b' A bat (D:1)
1 creature vanquished. All 'g' 3 hobgoblins
3 creatures vanquished. All 'h' A black bear (D:8) A howler monkey (D:4) A hound (D:4) 4 jackals (D:4)
7 creatures vanquished. All 'o' 2 orcs (D:7)
2 creatures vanquished. All 'w' A worm (D:3) A dart slug (D:2)
2 creatures vanquished.
27 creatures vanquished. Monster Nature Natural Monsters A black bear (D:8) A bullfrog (D:7) A howler monkey (D:4) A hound (D:4) 3 adders A worm (D:3) A dart slug (D:2) 2 orcs (D:7) 3 hobgoblins 4 jackals (D:4) A kobold (D:1) A bat (D:1)
20 creatures vanquished. Undead Monsters A phantom (D:8) A bullfrog zombie (D:5) A worker ant zombie (D:6) A howler monkey skeleton (D:4) A jackal skeleton (D:4) A jackal zombie (D:5)
6 creatures vanquished. Demonic Monsters A white imp (D:7)
1 creature vanquished.
27 creatures vanquished. Ascending Order A black bear (D:8) A phantom (D:8) A bullfrog (D:7) A howler monkey (D:4) A bullfrog zombie (D:5) A hound (D:4) A worker ant zombie (D:6) A howler monkey skeleton (D:4) A white imp (D:7) A worm (D:3) A dart slug (D:2) A kobold (D:1) A bat (D:1) A jackal skeleton (D:4) A jackal zombie (D:5) 2 orcs (D:7) 3 adders 3 hobgoblins 4 jackals (D:4)
27 creatures vanquished.

Action                   |  1- 3 |  4- 6 || total
-------------------------+-------+-------++-------
Melee: Mace              |    44 |    98 ||   142
Throw: Stone             |     2 |       ||     2
Invok: Berserk           |     3 |     2 ||     5
Evoke: Wand              |       |     4 ||     4
Armor: Animal skin       |    19 |    19 ||    38
Dodge: Dodged            |    20 |    46 ||    66
